 Dungeon Crawl Stone Soup version 0.29.0-15-g675c0067aa (webtiles) character file.

Game seed: 9452864864502859201

18 qw the Sneak (level 2, 0/19 HPs)
             Began as a Gargoyle Delver on Sept 11, 2022.
             Slain by a hound (2 damage)
             ... on level 4 of the Dungeon.
             The game lasted 00:00:14 (654 turns).

qw the Sneak (Gargoyle Delver)                       Turns: 654, Time: 00:00:15

Health: 0/19       AC:  5    Str: 15    XL:     2   Next: 66%
Magic:  2/2        EV: 11    Int: 10    God:
Gold:   34         SH:  0    Dex: 11    Spells: 1/1 levels left

rFire   . . .      SeeInvis .   Y - +0 hand axe
rCold   . . .      Faith    .   (no shield)
rNeg    + . .      Spirit   .   b - +0 leather armour
rPois   inf        Reflect  .   (no helmet)
rElec   +          Harm     .   (no cloak)
rCorr   .          Rampage  .   (no gloves)
Will    .....                   (no boots)
Stlth   +++.......              (no amulet)
HPRegen 0.06/turn               (no ring)
MPRegen 0.08/turn               (no ring)

@: no status effects
A: sickness immunity, AC +2, negative energy resistance 1, electricity
resistance, torment resistance 1, petrification resistance
a: no special abilities


You were on level 4 of the Dungeon.
You visited 1 branch of the dungeon, and saw 2 of its levels.

You collected 34 gold pieces.


Innate Abilities, Weirdness & Mutations

You are immune to sickness and miasma.
Your stone body is resilient. (AC +2)
You are immune to poison.
You resist negative energy. (rN+)
You are resistant to electric shocks. (rElec)
You are resistant to unholy torment.
You are immune to petrification.


   Skills:
 - Level 3.2 Fighting
 + Level 2.9 Axes
 - Level 1.5 Dodging
 - Level 5.4 Stealth


You had one spell level left.
You didn't know any spells.
Your spell library was empty.

Inventory:

Hand Weapons
 Y - a +0 hand axe (weapon)
Armour
 b - a +0 leather armour (worn)
 c - a +0 chain mail
Wands
 g - a wand of digging (3)
Potions
 a - a potion of lignification {unknown}
 f - a potion of haste

Dungeon Overview and Level Annotations

Branches:
Dungeon (5/15)
 Temple: D:4-7

Altars:


Message History

The hound is lightly wounded.
The hound closely misses you.
You miss the hound.
The hound is lightly wounded.
The hound barely misses you. The hound bites you.
You hit the hound but do no damage.
The hound is lightly wounded.
The hound bites you. The hound bites you but does no damage.
You barely miss the hound.
The hound is lightly wounded.
The hound closely misses you. The hound bites you but does no damage.
You hit the hound.
The hound is lightly wounded.
The hound bites you but does no damage.
You hit the hound.
The hound is heavily wounded.
The hound bites you but does no damage. x2
You closely miss the hound.
The hound is heavily wounded.
The hound barely misses you. The hound bites you but does no damage.
You hit the hound.
The hound is heavily wounded.
The hound closely misses you.
You hit the hound.
The hound is severely wounded.
The hound pauses to sniff the ground.
The hound barely misses you. The hound bites you.
You miss the hound.
The hound is severely wounded.
The hound bites you. The hound bites you but does no damage.
You hit the hound.
The hound is almost dead.
The hound bites you. The hound bites you but does no damage.
You miss the hound.
The hound is almost dead.
The hound bites you but does no damage. The hound bites you.
You hit the hound.
The hound is almost dead.
The hound bites you.
You die...

######### ........#
#.......#############
....#...........@h..#
....##.##.#########.....
..#.##..#.# ###
#....##.... ##.#..####..
#.##.######.
#>##.........
##%.#.....###..
....%.###.#


You could see a hound.

Vanquished Creatures
  A dart slug (D:4)
  An endoplasm (D:4)
  10 jackals
12 creatures vanquished.

Notes
Turn   | Place    | Note
-------+----------+-------------------------------------------
     0 | D:5      | qw the Gargoyle Delver began the quest for the Orb.
     0 | D:5      | Reached XP level 1. HP: 14/14 MP: 1/1
     0 | D:5      | 0 ||| qw: Version: 0.1-a-117-gfe26ee0
     0 | D:5      | 0 ||| qw: Game counter: 10203
     0 | D:5      | 0 ||| qw: Always use a shield: true
     0 | D:5      | 0 ||| qw: God list: Okawaru
     0 | D:5      | 0 ||| qw: Allow faded altars: false
     0 | D:5      | 0 ||| qw: Do Orc after D:15 true
     0 | D:5      | 0 ||| qw: Do second Lair branch before Depths: true
     0 | D:5      | 0 ||| qw: Lair rune preference: random
     0 | D:5      | 0 ||| qw: Plans: Normal
     0 | D:5      | 0 ||| PLANNING D:1-11
    17 | D:5      | 17 ||| Stepping ~*~*~tactically~*~*~ (stealth).
    19 | D:5      | 19 ||| Stepping ~*~*~tactically~*~*~ (stealth).
    21 | D:5      | Noticed an ogre
    22 | D:5      | 22 ||| Stepping ~*~*~tactically~*~*~ (stealth).
    24 | D:5      | 24 ||| Stepping ~*~*~tactically~*~*~ (stealth).
    77 | D:5      | 77 ||| Stepping ~*~*~tactically~*~*~ (stealth).
   133 | D:5      | 133 ||| READING scroll labelled YGAPNA LOTOLL.
   134 | D:5      | 134 ||| DROPPING scroll of fog.
   135 | D:5      | 135 ||| DROPPING scroll of magic mapping.
   136 | D:5      | 136 ||| DROPPING scroll of fear.
   141 | D:4      | 141 ||| PLANNING SEWER
   171 | D:4      | Reached XP level 2. HP: 16/19 MP: 2/2
   220 | D:4      | 220 ||| Stepping ~*~*~tactically~*~*~ (stealth).
   352 | D:4      | 352 ||| Stepping ~*~*~tactically~*~*~ (stealth).
   652 | D:4      | HP: 4/19 [hound (1)]
   654 | D:4      | Slain by a hound

Levels and vault maps discovered:
D:4:      layout_rooms, kennysheep_mini_moat, gup_sewer_entry_bubbles,
          serial_shops, shop
D:5:      layout_rooms, serial_shops, nicolae_shop_stone

Skill      XL: |  1 |
---------------+----+-----
Axes           | 2 |  2.9
Fighting       | |  3.2
Dodging        | |  1.5
Stealth        | |  5.4

Action                   || total
-------------------------++-------
Melee: Hand axe          ||    62
  Use: Scroll            ||     1
Armor: Leather armour    ||    30
Dodge: Dodged            ||    52

Table legend:
 A = Non-vault XP
 B = Vault XP
 C = Vault XP percentage of total XP
 D = Non-vault monster count
 E = Vault monster count
 F = Vault count percentage of total count
                 A         B        C        D         E       F
            +---------+---------+-------+---------+---------+-------
      Total |      26 |       0 |   0.0 |      12 |       0 |   0.0
            +---------+---------+-------+---------+---------+-------
        D:4 |      18 |       0 |   0.0 |       8 |       0 |   0.0
        D:5 |       8 |       0 |   0.0 |       4 |       0 |   0.0
            +---------+---------+-------+---------+---------+-------
